 Dungeon Crawl Stone Soup version 0.29-a0-598-gd8304a5bf4 (webtiles) character file.

Game seed: 13123994556060963001

25 YayAnonymity the Shield-Bearer (level 3, -5/29 HPs)
             Began as a Formicid Fighter on June 16, 2022.
             Slain by an orc
             ... wielding a +1 falchion of holy wrath
              (6 damage)
             ... on level 2 of the Dungeon.
             The game lasted 00:01:39 (1374 turns).

YayAnonymity the Shield-Bearer (Formicid Fighter)   Turns: 1374, Time: 00:01:40

Health: -5/29      AC:  6    Str: 22    XL:     3   Next: 20%
Magic:  3/3        EV:  9    Int:  7    God:
Gold:   107        SH:  5    Dex: 13    Spells: 2/2 levels left

rFire   + . .      SeeInvis +   a - +0 war axe
rCold   + . .      Faith    .   c - +0 buckler
rNeg    . . .      Spirit   .   b - +0 scale mail
rPois   .          Reflect  .   (helmet unavailable)
rElec   .          Harm     .   m - scarf {rC+ rF+}
rCorr   .          Rampage  .   (no gloves)
Will    .....                   (no boots)
Stlth   ..........              (no amulet)
HPRegen 0.09/turn               (no ring)
MPRegen 0.08/turn               (no ring)

@: no status effects
A: permanent stasis, dig shafts and tunnels, antennae 3, four strong arms
a: Dig, Shaft Self


You were on level 2 of the Dungeon.
You visited 1 branch of the dungeon, and saw 2 of its levels.

You collected 107 gold pieces.

Inventory:

Hand Weapons
 a - a +0 war axe (weapon)
Missiles
 j - 2 silver boomerangs
 l - 5 poisoned darts
Armour
 b - a +0 scale mail (worn)
 c - a +0 buckler (worn)
 m - a scarf of resistance (worn)
Scrolls
 f - a scroll of identify {unknown}
 h - a scroll of summoning {unknown}
 n - a scroll of amnesia {unknown}
Potions
 d - a potion of might
 e - 3 potions of berserk rage {unknown}
 g - a potion of heal wounds {unknown}
 i - 2 potions of mutation {unknown}
 k - a potion of brilliance {unknown}


   Skills:
 - Level 3.2 Fighting
 * Level 3.1 Axes
 - Level 3.2 Armour
 + Level 4.5 Shields


You had 2 spell levels left.
You didn't know any spells.
Your spell library contained the following spells:

 Spells                   Type           Power      Damage    Failure   Level
 Magic Dart               Conj           0%         1d3       83%         1
 Call Imp                 Summ           0%         N/A       92%         2
 Sublimation of Blood     Necr           0%         N/A       92%         2
 Wereblood                Tmut           0%         N/A       92%         2
 Mephitic Cloud           Conj/Pois/Air  0%         N/A       99%         3
 Summon Hydra             Summ           0%         N/A       100%        7


Dungeon Overview and Level Annotations

Branches:
Dungeon (2/15)

Altars:
Xom

Shops:
D:2 =


Innate Abilities, Weirdness & Mutations

You cannot be hasted, slowed, berserked, paralysed or teleported.
You can dig through walls and to a lower floor.
You have a pair of large antennae on your head. (SInv)
Your four strong arms can wield two-handed weapons with a shield.


Message History

Found a stone staircase leading up.
The orc priest shouts!
The orc shouts!
An orc comes into view. It is wielding a +0 mace.
The orc hits you with a +1 falchion of holy wrath.
You hit the orc but do no damage. You block the orc's attack.
You hit the orc.
The orc is lightly wounded.
The orc closely misses you. The orc barely misses you.
You barely miss the orc.
The orc is lightly wounded.
The orc hits you with a +1 falchion of holy wrath.
You closely miss the orc.
The orc is lightly wounded.
A jackal comes into view.
The orc closely misses you. You block the orc's attack.
The jackal moves out of view.
You barely miss the orc.
The orc is lightly wounded.
The orc priest mumbles some strange prayers to Beogh against you.
Beogh smites you!
Ouch! That really hurt!
The orc hits you but does no damage.
You are too injured to fight recklessly!
You are too injured to fight recklessly!
You are too injured to fight recklessly!
You completely miss the orc.
The orc is lightly wounded.
The orc hits you with a +1 falchion of holy wrath.
* * * LOW HITPOINT WARNING * * *
You block the orc's attack.
You hit the orc but do no damage.
The orc is lightly wounded.
The orc hits you with a +1 falchion of holy wrath!
* * * LOW HITPOINT WARNING * * *
You hit the orc but do no damage.
The orc is lightly wounded.
The orc priest looks braver for a moment.
The orc closely misses you.
The orc hits you with a +1 falchion of holy wrath.
You die...

# # # # ######+ #
....... # ..... # ...
###
###########'######o..###
................@oo.....
###########..#####o.....
### #..# .._.. ..# #..#
.... #.## #..######.....
#..# #.......... <.
##.## ...###.######## #
##..##...# #.#
###.##...# #.#


You could see an orc priest and 3 orcs.

Vanquished Creatures
  2 endoplasms (D:1)
  A giant cockroach (D:2)
  2 goblins (D:1)
  7 kobolds (D:1)
  2 quokkas
  2 bats (D:1)
  4 frilled lizards
  3 rats (D:1)
  A bush (D:1)
24 creatures vanquished.

Vanquished Creatures (others)
  10 plants (D:1)
10 creatures vanquished.

Grand Total: 34 creatures vanquished

Notes
Turn   | Place    | Note
-------+----------+-------------------------------------------
     0 | D:1      | YayAnonymity the Formicid Fighter began the quest for the
                  | Orb.
     0 | D:1      | Reached XP level 1. HP: 18/18 MP: 1/1
   429 | D:1      | Reached XP level 2. HP: 24/24 MP: 2/2
   536 | D:1      | Found a faded altar of an unknown god.
   680 | D:1      | Reached XP level 3. HP: 29/29 MP: 3/3
  1328 | D:2      | Found Osotok's Jewellery Shoppe.
  1364 | D:2      | Found a shimmering altar of Xom.
  1373 | D:2      | HP: 1/29 [orc/+1 falchion of holy wrath (7)]
  1374 | D:2      | Slain by an orc

Illustrated notes

Levels and vault maps discovered:
D:1:      dpeg_chamrin_arrival_tetris, layout_loops_ring,
          hellmonk_ecumenical_altar_zigzags, lexackson_kobold_supper
D:2:      layout_basic, serial_shops, nicolae_shop_behind_doors, basic_altar,
          minmay_tall_x, uniq_sigmund

Skill      XL: |  1  2  3 |
---------------+----------+-----
Axes           | 3 |  3.1
Fighting       | |  3.2
Armour         | |  3.2
Shields        | |  4.5

Action                   || total
-------------------------++-------
Melee: War axe           ||    98
Armor: Scale mail        ||    17
Dodge: Dodged            ||    21
Block: Buckler           ||    11

Table legend: (Time is in decaauts)
 A = Elapsed time spent in this place.
 B = Non-inter-level travel time spent in this place.
 C = Inter-level travel time spent in this place.
 D = Time resting spent in this place.
 E = Time spent auto-exploring this place.
 F = Levels seen in this place.
 G = Mean time per level.
                   A        B        C        D        E       F      G
               +--------+--------+--------+--------+--------+-----+--------+
         Total |   1411 |   1368 |     43 |      0 |   1108 |   2 |  705.5 |
       Dungeon |   1411 |   1368 |     43 |      0 |   1108 |   2 |  705.5 |
               +--------+--------+--------+--------+--------+-----+--------+

Top non-repeatable levels by time:
     D:1: 1157 daAuts
     D:2: 254 daAuts
